 Dungeon Crawl Stone Soup version 0.17-a0-1923-gc35365e (webtiles) character file.

121 barthelm the Cutter (level 5, -9/34 HPs)
             Began as a Kobold Berserker on Sept 28, 2015.
             Was a Follower of Trog.
             Killed by divine providence
             ... invoked by an orc priest
              (16 damage)
             ... on level 3 of the Dungeon.
             The game lasted 00:07:25 (2171 turns).

barthelm the Cutter (Kobold Berserker)              Turns: 2171, Time: 00:07:25

Health: -9/34      AC:  2    Str: 17    XL:     5   Next: 26%
Magic:  5/5        EV: 15    Int:  5    God:    Trog [*.....]
Gold:   73         SH:  0    Dex: 15    Spells: 0 memorised, 4 levels left

rFire  . . .     SeeInvis .     a - +0 short sword
rCold  . . .     Clarity  .     b - +0 animal skin
rNeg   . . .     SustAt   .     (shield restricted)
rPois  .         Gourm    .     (no helmet)
rElec  .         Spirit   .     (no cloak)
rCorr  .         Warding  .     (no gloves)
rMut   .         Stasis   .     (no boots)
MR     .....                    (no amulet)
Stlth  ++........               (no ring)
                                (no ring)

@: not resistant to hostile enchantments, unstealthy
A: carnivore 3
a: Burn Spellbooks, Berserk, Renounce Religion


You were on level 3 of the Dungeon.
You worshipped Trog.
Trog was aware of your devotion.
You were completely stuffed.

You visited 1 branch of the dungeon, and saw 3 of its levels.

You collected 73 gold pieces.

Inventory:

Hand weapons
 a - a +0 short sword (weapon)
Missiles
 e - 6 poisoned javelins
Armour
 b - a +0 animal skin (worn)
Jewellery
 f - a cursed amulet of the gourmand {unknown}
Scrolls
 d - a scroll of noise {unknown}
 g - 2 scrolls of amnesia {unknown}
 h - a scroll of identify {unknown}
 j - a scroll of fog {unknown}
 k - a scroll of immolation {unknown}
 l - 2 scrolls of remove curse {unknown}
 q - a scroll of blinking {unknown}
Potions
 i - a potion of degeneration {unknown}
 m - 2 potions of curing {unknown}
 p - a potion of haste {unknown}
 r - a potion of lignification {unknown}
Comestibles
 c - 2 meat rations
 n - a royal jelly
 o - a slice of pizza
 s - 4 chunks of flesh


   Skills:
 + Level 4.4 Fighting
 + Level 5.7 Short Blades
 - Level 1.7 Armour
 - Level 2.8 Dodging
 + Level 1.5 Stealth


You had 4 spell levels left.
You didn't know any spells.

Dungeon Overview and Level Annotations

Branches:
Dungeon (3/15)

Altars:
Yredelemnul


Innate Abilities, Weirdness & Mutations

You are small and have problems with some larger weapons.
You are carnivorous and can eat meat at any time.


Message History

The orc is heavily wounded.
The orc closely misses you.
You hit the orc.
You kill the orc!
Trog accepts your kill.
You hit the orc.
The orc is severely wounded.
The orc misses you.
You closely miss the orc.
The orc is severely wounded.
An orc priest comes into view. It is wielding a short sword.
You hit the orc.
The orc is almost dead.
The orc hits you with a whip.
* * * LOW HITPOINT WARNING * * *
You closely miss the orc.
The orc is almost dead.
The orc priest invokes the aid of Beogh against you.
Something smites you!
You die...

#.# ^. .)
.## ..#
#.# ..
#o## ...(
##@.##....
#......o..
#.........
#
#.......##
#
#.......#
#
#.......#
##### #
#.......#
#...# #
#.......#
#.#.# #
#########
#.......#
#.#.#


You could see an orc priest and an orc.

Vanquished Creatures
  2 orc wizards (D:3)
  2 adders (D:2)
  7 orcs (D:3)
  5 bats
  A giant cockroach (D:1)
  2 gnoll zombies (D:2)
  4 goblins
  3 hobgoblins
  2 jackals (D:1)
  A giant newt (D:2)
  3 kobolds
  6 rats
38 creatures vanquished.

Vanquished Creatures (others)
  5 toadstools (D:1)
5 creatures vanquished.

Grand Total: 43 creatures vanquished

Notes
Turn   | Place    | Note
--------------------------------------------------------------
     0 | D:1      | barthelm the Kobold Berserker began the quest for the Orb.
     0 | D:1      | Reached XP level 1. HP: 14/14 MP: 1/1
   460 | D:1      | Reached XP level 2. HP: 8/19 MP: 2/2
   937 | D:2      | Found a basalt altar of Yredelemnul.
   972 | D:2      | Reached XP level 3. HP: 6/24 MP: 3/3
  2006 | D:3      | Reached skill level 5 in Short Blades
  2006 | D:3      | Reached XP level 4. HP: 29/29 MP: 4/4
  2109 | D:3      | Reached skill level 1 in Stealth
  2121 | D:3      | Reached XP level 5. HP: 6/34 MP: 5/5
  2171 | D:3      | Killed from afar by an orc priest

Vault maps used:
D:1:      ldierk_walled_garden
D:2:      lemuel_zombie_altar_yredelemnul
D:3:      cheibrodos_ashenzari_chains, old_standard_altar,
          gup_sewer_entry_spiral, uniq_crazy_yiuf_cottage

Action                   |  1- 3 |  4- 6 || total
-------------------------+-------+-------++-------
Melee: Short sword       |   101 |    33 ||   134
Invok: Berserk           |       |     2 ||     2
 Stab: Sleeping          |     1 |       ||     1
  Eat: Chunk             |     9 |     5 ||    14
